[Event "*** Titled Tuesday Blitz"]
[Site "Chess.com"]
[Date "2021.03.09"]
[Round "6"]
[White "Murad_Ibrahimli"]
[Black "Kretov_Evgenij"]
[Result "0-1"]
[WhiteElo "2840"]
[BlackElo "2543"]
[TimeControl "180+1"]
[EndTime "11:10:46 PST"]
[Termination "Kretov_Evgenij won by resignation"]

1. d4 Nf6 2. c4 c5 3. d5 e5 4. Nc3 d6 5. e4 Be7 6. Nge2 O-O 7. Ng3 Ne8 8. h4 Nd7 9. Nf5 Ndf6 10. Bd3 g6 11.
Nh6+ Kh8 12. g4 Ng8 13. Nxg8 Kxg8 14. Qd2 Bxg4 15. Be2 Bxe2 16. Nxe2 h5 17. Qd3 Bxh4 18. Bh6 Ng7 19. O-O-O Bg5+ 20. Bxg5 Qxg5+ 21. Kb1 Rfb8 22. Rdg1 Qf6 23. Rf1 g5 24. Qh3 h4 25. Rhg1 Rd8 26.
Qg4 Kf8 27. Qxg5 Qxg5 28. Rxg5 f6 29. Rg4 h3 30. Rfg1 Rd7 31. Rh4 Kf7 32. Rxh3 Rg8 33. Rh7 Kf8 34. Rg6 Rf7 35. Ng3 Ne8 36. Rxg8+ Kxg8 37. Rxf7 Kxf7 38. Nf5 Kg6 39. Kc2 Kg5 40.
Kd3 Kf4 41. b4 b6 42. b5 Kf3 43. Ne7 Kxf2 44. Nc6 f5 45. exf5 Nf6 46. Nxa7 e4+ 47.
Kc2 e3 48. Nc8 e2 0-1

[Event "*** Titled Tuesday Blitz"]
[Site "Chess.com"]
[Date "2021.03.09"]
[Round "6"]
[White "mr_gustavo"]
[Black "SanchezKelvin"]
[Result "0-1"]
[WhiteElo "2390"]
[BlackElo "2589"]
[TimeControl "180+1"]
[EndTime "11:10:47 PST"]
[Termination "SanchezKelvin won by resignation"]

1. e4 c5 2. Nf3 d6 3. d4 cxd4 4. Nxd4 Nf6 5. Nc3 g6 6. Be3 Bg7 7. f3 O-O 8. Qd2 Nc6 9. O-O-O Nxd4 10. Bxd4 Be6 11. g4 Qa5 12. Kb1 Rfc8 13. a3 Rab8 14. Bxf6 Bxf6 15. Nd5 Qxd2 16. Nxf6+ Kg7 17. Rxd2 Kxf6 18.
h4 Ke5 19. h5 Kf4 20. Bd3 g5 21. e5 dxe5 22. Bxh7 Rd8 23. Re2 Bd5 24. Rf1 e6 25.
Be4 f5 26. Bd3 Bxf3 27. gxf5 Rxd3 28. cxd3 exf5 29. Rh2 g4 30. h6 Rh8 31. h7 Kg3 32.
Rh6 f4 33. Kc2 Bg2 34. Re1 f3 35. Rxe5 f2 36. Rf5 Bf3 37. Rxf3+ Kxf3 38. Rf6+ Kg2 0-1

[Event "*** Titled Tuesday Blitz"]
[Site "Chess.com"]
[Date "2021.03.09"]
[Round "6"]
[White "VitaliyBernadskiy"]
[Black "rasmussvane"]
[Result "1-0"]
[WhiteElo "2763"]
[BlackElo "2942"]
[TimeControl "180+1"]
[EndTime "11:10:48 PST"]
[Termination "VitaliyBernadskiy won on time"]

1. d4 Nf6 2. c4 e6 3. Nf3 d5 4.
Bg5 h6 5. Bxf6 Qxf6 6. Nbd2 g6 7. g3 Bg7 8. Bg2 O-O 9. O-O c5 10. cxd5 exd5 11. dxc5 Qxb2 12. Nb3 Nc6 13. Qxd5 Be6 14. Qd3 Qa3 15. Rab1 Qxa2 16. Rfc1 Rfd8 17. Qb5 Rab8 18. e3 Bd5 19. Nfd4 Bxg2 20. Kxg2 Nxd4 21. exd4 Bxd4 22. Nxd4 Rxd4 23. c6 b6 24. Rd1 Rxd1 25. Rxd1 Rc8 26. c7 Qe6 27. Rd8+ Kh7 28. Qb2 g5 29. Qc2+ f5 30.
Rxc8 Qxc8 31. Qc6 b5 32. Qd6 b4 33. Qd8 Qb8 34. cxb8=Q 1-0

[Event "*** Titled Tuesday Blitz"]
[Site "Chess.com"]
[Date "2021.03.09"]
[Round "6"]
[White "elextranjero00"]
[Black "SharapovEvgeny"]
[Result "0-1"]
[WhiteElo "2641"]
[BlackElo "2500"]
[TimeControl "180+1"]
[EndTime "11:10:48 PST"]
[Termination "SharapovEvgeny won on time"]

1. d4 d5 2. c4 c6 3. Nf3 Nf6 4. Nc3 g6 5. Bf4 Bg7 6. e3 O-O 7. Rc1 Bg4 8. h3 Bxf3 9. Qxf3 e6 10. Bd3 Nbd7 11. O-O Re8 12. Rfd1 Qe7 13. Bh2 e5 14. Bf1 exd4 15. exd4 dxc4 16. Bxc4 Nb6 17. Bb3 Rad8 18.
Be5 Nfd5 19. Re1 f6 20. Bc7 Qxc7 21. Rxe8+ Rxe8 22. Nxd5 Nxd5 23. Bxd5+ Kh8 24. Bb3 f5 25. Rd1 Rd8 26. Qe3 Qb6 27. Qe7 h5 28. d5 cxd5 29. Rxd5 Rxd5 30. Bxd5 Qxb2 31. g3 Qe5 32. Qxb7 a5 33.
Kg2 Qd6 34. Qa8+ Kh7 35. Qxa5 h4 36. gxh4 Qf4 37. Qb5 Bd4 38. Bf3 Qxh4 39. Qd7+ Kh6 0-1

[Event "*** Titled Tuesday Blitz"]
[Site "Chess.com"]
[Date "2021.03.09"]
[Round "6"]
[White "Abund"]
[Black "profofchess"]
[Result "1-0"]
[WhiteElo "2648"]
[BlackElo "2495"]
[TimeControl "180+1"]
[EndTime "11:10:48 PST"]
[Termination "Abund won on time"]

1. e4 e6 2. d4 d5 3. Nd2 e5 4. dxe5 dxe4 5. Qe2 Nc6 6. Nxe4 Qd5 7. Nf3 Bf5 8. Ng3 Bg4 9. Qb5 Bxf3 10. gxf3 Qxe5+ 11. Be3 O-O-O 12. Qxe5 Nxe5 13. Be2 Bb4+ 14. c3 Ba5 15. Bxa7 Ne7 16. Be3 N7g6 17. Rd1 Bb6 18. f4 Bxe3 19. fxe3 Rxd1+ 20. Kxd1 Rd8+ 21. Kc2 Nc6 22. Nf5 Re8 23. Kd2 Rd8+ 24. Ke1 Nce7 25.
Nxg7 f5 26. Ne6 Rd6 27. Nd4 c5 28. Nb5 Re6 29. Kf2 Nd5 30. Bc4 Nge7 31. Rd1 1-0

[Event "*** Titled Tuesday Blitz"]
[Site "Chess.com"]
[Date "2021.03.09"]
[Round "6"]
[White "Artem_Sadovsky"]
[Black "Ghost_Pepper"]
[Result "1-0"]
[WhiteElo "2582"]
[BlackElo "2397"]
[TimeControl "180+1"]
[EndTime "11:10:48 PST"]
[Termination "Artem_Sadovsky won by resignation"]

1. g3 d5 2. Bg2 Nf6 3. c4 c6 4. b3 g6 5. Bb2 Bg7 6. Nf3 O-O 7. O-O Re8 8. d3 Nbd7 9. Nbd2 e5 10. cxd5 cxd5 11. e4 d4 12. Nc4 Bf8 13. a4 b6 14.
a5 Ba6 15. axb6 axb6 16. Ncxe5 Nxe5 17. Nxe5 Rxe5 18. f4 Re8 19. e5 Nd5 20. Bxd4 Nb4 21. Bf2 Rc8 22. Rxa6 Nxa6 23. d4 Qd7 24. g4 Nb4 25. Qf3 Red8 26. f5 Nd5 27. Bh4 Rc3 28. Qf2 Ne3 29. Re1 Nxg2 30. Kxg2 Qxd4 31. Bxd8 Qxd8 32. e6 Qd5+ 33. Kf1 Qd3+ 34. Kg2 Bc5 35. exf7+ Kxf7 36. fxg6+ Kxg6 37. Re6+ Kg7 38. Qf6+ Kg8 39. Re8+ 1-0

[Event "*** Titled Tuesday Blitz"]
[Site "Chess.com"]
[Date "2021.03.09"]
[Round "6"]
[White "Arvids_Andrejevs"]
[Black "GelmanAlexander"]
[Result "1-0"]
[WhiteElo "2424"]
[BlackElo "2565"]
[TimeControl "180+1"]
[EndTime "11:10:48 PST"]
[Termination "Arvids_Andrejevs won on time"]

1. e4 c5 2. c3 e6 3. d4 d5 4. exd5 exd5 5. Nf3 Nc6 6. Bb5 Nf6 7. O-O Be7 8. dxc5 Bxc5 9. Bg5 O-O 10. h3 a6 11. Bd3 h6 12. Bf4 Ne4 13. Nbd2 f5 14. c4 g5 15. Bh2 g4 16. hxg4 fxg4 17. cxd5 Nxf2 18. Rxf2 gxf3 19. Nxf3 Nd4 20. Be4 Nxf3+ 21.
Bxf3 Bxf2+ 22. Kxf2 Bg4 23. Qd2 Qb6+ 24. Kg3 Bxf3 25. gxf3 Rf5 26. f4 Kh7 27. Kf3 Re8 28. Qd3 Qg6 29. Rg1 Qh5+ 30. Rg4 Kh8 31. Bg3 Qh1+ 32.
Kf2 Rxd5 33. Qc3+ Ree5 34. Qc8+ 1-0

[Event "*** Titled Tuesday Blitz"]
[Site "Chess.com"]
[Date "2021.03.09"]
[Round "6"]
[White "Maddie"]
[Black "UmarovSabir"]
[Result "0-1"]
[WhiteElo "2070"]
[BlackElo "2280"]
[TimeControl "180+1"]
[EndTime "11:10:48 PST"]
[Termination "UmarovSabir won by resignation"]

1. d4 g6 2. c4 Bg7 3. Nc3 c6 4.
e4 d6 5. f3 Qb6 6. Nge2 e5 7.
d5 Ne7 8. Na4 Qc7 9. Be3 O-O 10.
Qd2 b5 11. cxb5 cxd5 12. exd5 Bb7 13. Nac3 Nd7 14. Ng3 Nb6 15. Be2 Nbxd5 16. Nxd5 Nxd5 17. O-O Nxe3 18. Qxe3 Qb6 19. Qxb6 axb6 20. Rfd1 d5 21. a3 Rfc8 22. Rac1 f5 23. Nf1 d4 24. Bc4+ Kf8 25.
Be6 Re8 26. Bd7 Re7 27. Bc6 e4 28. fxe4 fxe4 29. Ng3 d3 30. Bxb7 Rxb7 31. Nxe4 Bxb2 32. Rb1 Bxa3 33. Rxd3 Re7 34. Rf3+ Kg7 35. Ng3 Bc5+ 36.
Kh1 Ra2 37. Rbf1 h5 38. Rf4 Rb2 39. Ne4 Be3 40. R4f3 Rxe4 41. Re1 Bc5 42. Ref1 Rxb5 43. Rf7+ Kh6 44. h3 Rb2 45. Rf8 Rbe2 46. h4 Re1 47. Rh8+ Kg7 48. Rxe1 Rxe1+ 49. Kh2 Kxh8 0-1

[Event "*** Titled Tuesday Blitz"]
[Site "Chess.com"]
[Date "2021.03.09"]
[Round "6"]
[White "chessdjw"]
[Black "Grimlock_Glasgow"]
[Result "1-0"]
[WhiteElo "2729"]
[BlackElo "2509"]
[TimeControl "180+1"]
[EndTime "11:10:49 PST"]
[Termination "chessdjw won on time"]

1. e4 e5 2. Nf3 d5 3. exd5 Bd6 4. Nc3 Nf6 5. d3 h6 6. g3 O-O 7. Bg2 c6 8. dxc6 Nxc6 9. O-O Bg4 10. h3 Bh5 11. Re1 Re8 12. Be3 Rc8 13. Qd2 a6 14. a3 Qd7 15. Nh4 Nd4 16. Rac1 Bb8 17. Ne4 Nd5 18. Bxh6 f5 19. Qg5 fxe4 20. Qxh5 gxh6 21.
Bxe4 Nf6 22. Qxh6 Qg7 23. Qxg7+ Kxg7 24. Bxb7 Rxc2 25. Nf5+ Kf8 26. Nxd4 Rxc1 27. Rxc1 exd4 28. Bxa6 Bd6 29. Rc6 Ke7 30. Bc4 Rb8 31. b4 Nd7 32. Ra6 Ne5 33. Ra7+ Kf6 34. Ba6 Re8 35. Kg2 Ng6 36.
Rd7 1-0

[Event "*** Titled Tuesday Blitz"]
[Site "Chess.com"]
[Date "2021.03.09"]
[Round "6"]
[White "VFernandezB"]
[Black "Volodar_Murzin"]
[Result "0-1"]
[WhiteElo "2498"]
[BlackElo "2663"]
[TimeControl "180+1"]
[EndTime "11:10:49 PST"]
[Termination "Volodar_Murzin won on time"]

1. d4 Nf6 2. Nf3 g6 3. c4 Bg7 4. g3 O-O 5. Bg2 d6 6. O-O Nbd7 7. Nc3 e5 8. h3 exd4 9. Nxd4 Nb6 10. b3 d5 11. c5 Ne4 12. Nxe4 dxe4 13. Bb2 Nd5 14. e3 c6 15. Qd2 Qe7 16. b4 Rd8 17. Rfd1 h5 18. a4 f5 19. Ne2 Be6 20. Bxg7 Qxg7 21.
Nd4 Bf7 22. b5 Ne7 23. Qe2 h4 24. g4 Qe5 25. Rac1 Rac8 26. bxc6 bxc6 27. Bf1 g5 28. gxf5 Kg7 29. Qg4 Kf6 30. Bg2 Bd5 31. f4 exf3 32. Nxf3 Qxe3+ 33. Kh1 Bxf3 34. Bxf3 Rxd1+ 35. Rxd1 Nxf5 0-1

[Event "*** Titled Tuesday Blitz"]
[Site "Chess.com"]
[Date "2021.03.09"]
[Round "6"]
[White "IECS12"]
[Black "jaskol95"]
[Result "0-1"]
[WhiteElo "2223"]
[BlackElo "2424"]
[TimeControl "180+1"]
[EndTime "11:10:49 PST"]
[Termination "jaskol95 won on time"]

1. d4 Nf6 2. Bf4 d5 3. e3 g6 4. Nd2 Bg7 5. Ngf3 c5 6. h3 Nc6 7. c3 O-O 8. Be2 Re8 9. O-O cxd4 10. exd4 Ne4 11. Re1 a6 12. a4 b6 13. Bf1 Bb7 14. Nxe4 dxe4 15. Rxe4 Rc8 16. Re1 e6 17.
Bg5 Qd5 18. Bh4 Na5 19. Ne5 Nc6 20. Nc4 Nxd4 21. Nxb6 Qc5 22. Nxc8 Nf5 23. Ne7+ Nxe7 24. Bxe7 Qxe7 25. Qb3 Bd5 26. Qb6 Qg5 27. Qxa6 Be5 28. Qb5 Rb8 29. Qe2 Bd6 30. c4 Bc6 31. Rad1 Bc7 32.
Qc2 Qf4 0-1

[Event "*** Titled Tuesday Blitz"]
[Site "Chess.com"]
[Date "2021.03.09"]
[Round "6"]
[White "Joseacorrea"]
[Black "Matols"]
[Result "1/2-1/2"]
[WhiteElo "2089"]
[BlackElo "2275"]
[TimeControl "180+1"]
[EndTime "11:10:49 PST"]
[Termination "Game drawn by repetition"]

1. c4 e5 2. Nc3 Nf6 3. g3 d5 4. cxd5 Nxd5 5. Bg2 Nb6 6. Nf3 Nc6 7. O-O Be7 8. d3 O-O 9. a3 Be6 10. b4 a6 11. Bb2 f6 12. Rc1 Kh8 13. Na4 Nxa4 14. Qxa4 Bd5 15. Qc2 Qd7 16. Rfd1 Rad8 17. e4 Be6 18. d4 exd4 19. Nxd4 Nxd4 20. Rxd4 Qb5 21. Qxc7 Rxd4 22. Bxd4 Bd8 23. Qc5 Qxc5 24. bxc5 Ba5 25. e5 fxe5 26. Bxe5 Bc8 27. c6 bxc6 28. Rxc6 Re8 29. f4 Bb7 30. Rd6 Bxg2 31. Kxg2 Bc7 32. Rd7 Bxe5 33. fxe5 Kg8 34. Ra7 Rxe5 35. Rxa6 Re2+ 36.
Kh3 Ra2 37. a4 Kf7 38. a5 h6 39. g4 Ra3+ 40. Kg2 Ra2+ 41. Kg3 Ra3+ 42. Kg2 Ra2+ 43. Kg3 Ra3+ 44. Kg2 1/2-1/2

[Event "*** Titled Tuesday Blitz"]
[Site "Chess.com"]
[Date "2021.03.09"]
[Round "6"]
[White "Sanyura"]
[Black "Onischuk_V"]
[Result "0-1"]
[WhiteElo "2620"]
[BlackElo "2832"]
[TimeControl "180+1"]
[EndTime "11:10:50 PST"]
[Termination "Onischuk_V won on time"]

1. e4 d6 2. d4 Nf6 3. Bd3 e5 4. c3 Nc6 5. Nf3 g6 6. O-O Bg7 7. Bg5 h6 8. Bh4 O-O 9. Na3 exd4 10. cxd4 g5 11. Bg3 Nh5 12. Nc2 Bg4 13. Be2 Nxg3 14. hxg3 Qe7 15. d5 Bxf3 16. gxf3 Ne5 17. Kg2 Ng6 18. Rh1 Bxb2 19. Rb1 Bg7 20. Rxb7 Rfb8 21. Rxb8+ Rxb8 22. Ne3 Rb2 23. Nf5 Qf6 24. Bc4 Ne7 25. Ne3 Qd4 26. Qc1 Ng6 27. Bb3 Ne5 28. Rd1 Nd3 29.
Rxd3 Qxd3 30. Nf5 Qc3 31. Qf1 Bd4 32. Qb5 Rxf2+ 33. Kh3 Bg7 34. Qe8+ Kh7 35. Ne7 h5 36. Qg8+ Kh6 37. Qxf7 g4+ 38. fxg4 Rxf7 0-1

[Event "*** Titled Tuesday Blitz"]
[Site "Chess.com"]
[Date "2021.03.09"]
[Round "6"]
[White "Majesth"]
[Black "lucachess49"]
[Result "0-1"]
[WhiteElo "2528"]
[BlackElo "2396"]
[TimeControl "180+1"]
[EndTime "11:10:50 PST"]
[Termination "lucachess49 won on time"]

1. d4 Nf6 2. Nc3 d5 3. Bg5 Nbd7 4. Qd3 g6 5. f3 Bg7 6. e4 dxe4 7. fxe4 h6 8. Bh4 O-O 9. e5 Nh5 10. O-O-O c5 11. Nd5 g5 12. Be2 cxd4 13. Bxh5 Nxe5 14. Qxd4 Bf5 15. Ne3 Nd3+ 16. Rxd3 Bxd4 17. Nxf5 Bxb2+ 18. Kxb2 Qb6+ 19. Rb3 Qf6+ 20. c3 Qxf5 21. Bg3 Rfd8 22. Nf3 g4 23. Bxg4 Qxg4 24. Re1 e6 25. Rb4 Qg7 26.
Ree4 h5 27. Ne5 Qh6 28. Rf4 f6 29. Nf3 Rf8 30. Rfc4 Rad8 31. Rc7 Qg6 0-1

[Event "*** Titled Tuesday Blitz"]
[Site "Chess.com"]
[Date "2021.03.09"]
[Round "6"]
[White "Chamal_Gedgafov"]
[Black "annacramling"]
[Result "0-1"]
[WhiteElo "2252"]
[BlackElo "2047"]
[TimeControl "180+1"]
[EndTime "11:10:50 PST"]
[Termination "annacramling won by resignation"]

1. d4 Nf6 2. c4 e6 3. Nc3 d5 4.
cxd5 exd5 5. Bg5 Be7 6. Qc2 c6 7. e3 O-O 8. Bd3 h6 9. Bf4 Nbd7 10. Nf3 Re8 11. O-O b6 12. Rab1 Bb7 13. b4 Nf8 14. Ne5 Rc8 15. Rfc1 Ne6 16. Bg3 Bd6 17. Qe2 Qe7 18.
a3 c5 19. bxc5 bxc5 20. Nb5 Bb8 21. a4 c4 22. Bc2 a6 23. Nc3 Bxe5 24. Bxe5 Bc6 25.
Rb6 Qa3 26. Qd2 Nd7 27. Rxa6 Nxe5 28. dxe5 Nc5 29. Rb6 Nxa4 30. Rxc6 Nxc3 31. Bh7+ Kxh7 32. Rxc3 Qa5 33. Rd6 Red8 34. Rxd8 Rxd8 35. Qd4 Qa1+ 0-1

[Event "*** Titled Tuesday Blitz"]
[Site "Chess.com"]
[Date "2021.03.09"]
[Round "6"]
[White "queen_iryna"]
[Black "zacachess"]
[Result "0-1"]
[WhiteElo "2349"]
[BlackElo "2488"]
[TimeControl "180+1"]
[EndTime "11:10:52 PST"]
[Termination "zacachess won by checkmate"]

1. e4 c5 2. Nf3 d6 3. Bb5+ Nc6 4. Bxc6+ bxc6 5. O-O e5 6. c3 f5 7. d4 fxe4 8. Ng5 d5 9. dxe5 Be7 10. f4 Bf5 11. g4 Bc8 12. Be3 Nh6 13. h3 O-O 14. Na3 Rb8 15. Rb1 c4 16. Bxa7 Ra8 17. Be3 Bxg5 18.
fxg5 Nf7 19. Qd4 Be6 20. g6 hxg6 21. Nc2 Qc7 22. Bf4 c5 23. Qf2 Nxe5 24. Qg3 Rxf4 25. Qxf4 Re8 26. Ne3 Bf7 27. Qg3 Qe7 28. Rf4 Nd3 29.
Rbf1 Nxf4 30. Qxf4 d4 31. Nd1 e3 32. Re1 e2 33.
Nf2 d3 34. Qd2 Bd5 35. a3 Qd6 36. a4 Qg3# 0-1

[Event "*** Titled Tuesday Blitz"]
[Site "Chess.com"]
[Date "2021.03.09"]
[Round "6"]
[White "Cherone"]
[Black "sbouchet"]
[Result "1-0"]
[WhiteElo "2472"]
[BlackElo "2327"]
[TimeControl "180+1"]
[EndTime "11:10:52 PST"]
[Termination "Cherone won on time"]

1. d4 Nf6 2. Nf3 e6 3. Bg5 h6 4. Bxf6 Qxf6 5. e4 d6 6. Nc3 Qd8 7. Bd3 Be7 8. O-O Nd7 9. Qe2 e5 10. a4 c6 11. a5 Qc7 12. a6 b5 13. d5 cxd5 14. Nxd5 Qd8 15. Bxb5 O-O 16. Rfd1 Nc5 17. b4 Ne6 18. Qd2 Bg5 19. Qd3 f5 20. exf5 Nd4 21.
Nxd4 exd4 22. Qxd4 Kh8 23. Bd3 Bxf5 24. Bxf5 Rxf5 25. g3 Qd7 26. h4 Bd8 27. c4 Qf7 28. Re1 Bf6 29. Nxf6 Rxf6 30. Re2 Rb8 31. b5 Qc7 32. Rae1 Qb6 33. Qxb6 Rxb6 34. Re7 d5 35. cxd5 Rxb5 36. Rxa7 Rxd5 37. Re8+ Kh7 38. Ree7 Rd1+ 39. Kg2 Rg6 40. Rab7 Ra1 41. a7 Kh8 42. Rb8+ 1-0

[Event "*** Titled Tuesday Blitz"]
[Site "Chess.com"]
[Date "2021.03.09"]
[Round "6"]
[White "BilodeauA"]
[Black "PaulfromSPb"]
[Result "0-1"]
[WhiteElo "2895"]
[BlackElo "2721"]
[TimeControl "180+1"]
[EndTime "11:10:53 PST"]
[Termination "PaulfromSPb won by resignation"]

1. d4 Nf6 2. Nc3 d5 3. Bf4 e6 4. Nb5 Bd6 5. Nxd6+ cxd6 6. e3 O-O 7. Nf3 Nc6 8. Be2 Ne4 9. h3 f6 10. O-O e5 11.
Bh2 Be6 12. c4 Rc8 13. Rc1 Qa5 14. cxd5 Bxd5 15. a3 Rfd8 16. Nh4 Ne7 17. Rxc8 Rxc8 18. Bg4 Rd8 19. Nf5 Nxf5 20. Bxf5 g6 21. Bg4 Qb6 22. f3 Ng5 23. f4 exf4 24. Bxf4 Qxb2 25. Rf2 Qxa3 26.
Qc2 Qb3 27. Qc7 Nf7 28. Kh2 f5 29. Bf3 Bxf3 30. Rxf3 Qb5 31. h4 Qd7 32. Qa5 b6 33.
Qa2 Rc8 34. h5 d5 35. Rg3 Rc6 36. Qe2 Kg7 37. Qa2 a5 38. Qa4 Qe6 39. Qb5 Kf6 40.
Qa6 g5 41. Be5+ Nxe5 42. dxe5+ Qxe5 43. Qa8 Rc7 44. Qh8+ Ke6 45. Qg8+ Kd6 46. Qxg5 a4 47. Qd8+ Kc6 48. h6 Kb5 49. Kh3 a3 50. Qa8 Qd6 51. Kh2 Qxh6+ 52. Rh3 Qd6+ 53. Kg1 Rc1+ 54. Kf2 Rc2+ 55.
Kg1 a2 56. e4 Rc1+ 57. Kf2 Qc5+ 58. Kg3 a1=Q 0-1

[Event "*** Titled Tuesday Blitz"]
[Site "Chess.com"]
[Date "2021.03.09"]
[Round "6"]
[White "Fy_Rakotomaharo"]
[Black "S-Fazulyanov"]
[Result "1-0"]
[WhiteElo "2713"]
[BlackElo "2535"]
[TimeControl "180+1"]
[EndTime "11:10:53 PST"]
[Termination "Fy_Rakotomaharo won by resignation"]

1. Nf3 d5 2. e3 Nf6 3. c4 c6 4. Nc3 Bf5 5. cxd5 cxd5 6. Qb3 b6 7.
Bb5+ Bd7 8. Nxd5 Nxd5 9. Qxd5 Bxb5 10. Qxb5+ Qd7 11. a4 e6 12. O-O Bd6 13. d4 O-O 14. Qxd7 Nxd7 15. b3 Rfc8 16. Bd2 Nf6 17. Rfc1 Ne4 18.
Be1 Kf8 19. Kf1 Ke7 20. Ke2 h6 21. Kd3 f5 22. h3 Kd7 23. Nd2 Nf6 24. Nc4 Bc7 25. f3 Nd5 26. Bd2 a6 27. e4 Nf6 28.
Rc2 b5 29. Ne3 fxe4+ 30. fxe4 Bf4 31. Rxc8 Rxc8 32. axb5 axb5 33. Ra5 Kc6 34. Ra6+ Kd7 35. Ba5 g5 36. e5 Nh5 37. Rd6+ Ke7 38. Bb4 Kf7 39. Rb6 Bxe3 40. Kxe3 Rc2 41. Rb7+ Kg6 42. g4 Nf4 43. Bf8 h5 44. Rg7+ Kh6 45. Rc7+ Kg6 46. Rxc2 hxg4 47. hxg4 Nd5+ 48. Kf3 1-0

[Event "*** Titled Tuesday Blitz"]
[Site "Chess.com"]
[Date "2021.03.09"]
[Round "6"]
[White "Savagelittlemole"]
[Black "mr65"]
[Result "1-0"]
[WhiteElo "2531"]
[BlackElo "2104"]
[TimeControl "180+1"]
[EndTime "11:10:53 PST"]
[Termination "Savagelittlemole won on time"]

1. e4 e5 2. Nf3 Nc6 3. Bb5 a6 4.
Ba4 Nf6 5. O-O Be7 6. Re1 b5 7. Bb3 O-O 8. h3 d5 9. exd5 Nxd5 10. Nxe5 Nxe5 11. Rxe5 Bb7 12. d3 Bf6 13. Re1 Re8 14. a4 b4 15. Rxe8+ Qxe8 16. Nd2 Qe5 17. Ne4 Be7 18.
Qf3 Re8 19. Qg3 Qxg3 20. Nxg3 Bf6 21. Kf1 Be5 22. Ne4 f5 23. Nc5 Bc6 24. Nxa6 Kf8 25. Bxd5 Bxd5 26. Nxb4 Ba8 27. c3 Bd6 28. Nc2 f4 29. f3 Bb7 30. b4 c5 31. b5 Be5 32.
Bd2 Rd8 33. Ne1 g5 34. a5 h5 35. a6 Bd5 36. Rb1 c4 37. d4 Bb8 38. b6 g4 39.
hxg4 hxg4 40. a7 1-0

[Event "*** Titled Tuesday Blitz"]
[Site "Chess.com"]
[Date "2021.03.09"]
[Round "6"]
[White "hypert"]
[Black "allvim"]
[Result "1-0"]
[WhiteElo "2503"]
[BlackElo "2356"]
[TimeControl "180+1"]
[EndTime "11:10:53 PST"]
[Termination "hypert won on time"]

1. e4 c5 2. Nf3 d6 3. d4 cxd4 4. Nxd4 Nf6 5. Nc3 a6 6. Be2 e5 7. Nb3 Be6 8. Be3 Nbd7 9. O-O Rc8 10. Bf3 Be7 11. Re1 O-O 12. a4 Rc4 13. a5 Rb4 14. Nd5 Bxd5 15. exd5 Qc7 16. c3 Rb5 17. Bg5 h6 18.
Bxf6 Nxf6 19. Ra4 Nd7 20. c4 Nc5 21. Nxc5 Rxc5 22. b3 Rxa5 23. Rxa5 Qxa5 24. g4 b5 25. Be2 Bg5 26. cxb5 axb5 27. Bd3 Rc8 28. Rf1 Qb4 29. Qf3 Bf4 30. Qe2 Qd4 31. Bxb5 Qxd5 32. Bc4 Qd4 33. Rd1 Qc3 34. Rd3 Qc1+ 35. Kg2 Ra8 36. Rd1 Qc3 37. Rxd6 Qb4 38. Rd7 Rf8 39. Qe4 Qc3 40. Rxf7 Rxf7 41.
Qa8+ Kh7 42. Bxf7 1-0

[Event "*** Titled Tuesday Blitz"]
[Site "Chess.com"]
[Date "2021.03.09"]
[Round "6"]
[White "malakismayil"]
[Black "OMGCovid-19"]
[Result "1-0"]
[WhiteElo "2281"]
[BlackElo "2079"]
[TimeControl "180+1"]
[EndTime "11:10:53 PST"]
[Termination "malakismayil won by resignation"]

1. e4 e6 2. d4 d5 3. Nd2 Nf6 4. e5 Nfd7 5. Bd3 c5 6. c3 Nc6 7. Ne2 cxd4 8. cxd4 f6 9. exf6 Nxf6 10.
Nf3 Bd6 11. Bf4 Qc7 12. Bxd6 Qxd6 13. O-O O-O 14. Ng3 Bd7 15. Re1 Be8 16. Ne5 Qb4 17. Nxc6 bxc6 18. Rxe6 Qxb2 19. Re2 Qb6 20. Rb1 Qc7 21.
Qc2 Bd7 22. Rbe1 Rae8 23. Qc5 Qf4 24. Rxe8 Rxe8 25. Rxe8+ Bxe8 26. h3 Qd2 27. Qc2 Qxc2 28. Bxc2 Bd7 29. Kf1 Kf7 30. Ke2 h6 31. Kd2 Ke7 32.
Kc3 Kd6 33. Kb4 Be8 34. Nf5+ Kc7 35. Nxg7 Bf7 36. Nf5 h5 37. a4 Ne4 38. Bxe4 dxe4 39. Ng3 Bg6 40. Ne2 Kd6 41. Nf4 Bh7 42. Nxh5 Ke6 43.
Kc5 Kf5 44. Kxc6 Kg5 45. Ng3 Kf4 46. Ne2+ Kf5 47. d5 Bg6 48. d6 Be8+ 49. d7 1-0

[Event "*** Titled Tuesday Blitz"]
[Site "Chess.com"]
[Date "2021.03.09"]
[Round "6"]
[White "KruHor"]
[Black "Alex-11211"]
[Result "0-1"]
[WhiteElo "2530"]
[BlackElo "2415"]
[TimeControl "180+1"]
[EndTime "11:10:54 PST"]
[Termination "Alex-11211 won by resignation"]

1. e4 c5 2. Nf3 g6 3. c3 Bg7 4. d4 cxd4 5. cxd4 d5 6. exd5 Nf6 7. Bb5+ Bd7 8. Bc4 O-O 9. O-O Bf5 10. Nc3 Nbd7 11.
Nh4 Bg4 12. f3 Nb6 13. fxg4 Nxc4 14. Qf3 Nb6 15. Bg5 Nfxd5 16. Rad1 Rc8 17. Qe4 Nxc3 18. bxc3 Nd5 19. Rd3 Nxc3 20. Qxb7 Rc7 21. Qb3 Ne2+ 22. Kh1 Nxd4 23. Qd1 h6 24. Be3 e5 25. Nf3 Rd7 26. g5 h5 27. Qa4 Rd6 28. Rfd1 Qe8 29. Qxa7 Qb5 30. a4 Qc4 31. Bxd4 exd4 32. a5 Ra6 33. Qb7 Rxa5 34. h4 Qd5 35. Qxd5 Rxd5 36. Kh2 Rfd8 37.
Kg3 Kf8 38. Kf4 Rf5+ 39. Ke4 Re8+ 0-1

[Event "*** Titled Tuesday Blitz"]
[Site "Chess.com"]
[Date "2021.03.09"]
[Round "6"]
[White "akhairat"]
[Black "SkippingLaptop"]
[Result "0-1"]
[WhiteElo "2278"]
[BlackElo "2101"]
[TimeControl "180+1"]
[EndTime "11:10:54 PST"]
[Termination "SkippingLaptop won by resignation"]

1. e4 c5 2. Nf3 Nc6 3. d4 cxd4 4. Nxd4 Nf6 5. Nc3 e5 6. Ndb5 d6 7. Bg5 a6 8. Na3 b5 9. Nd5 Be7 10. Nxe7 Qxe7 11. c4 b4 12. Nc2 h6 13. Bxf6 Qxf6 14.
Nxb4 Nxb4 15. Qa4+ Bd7 16. Qxb4 O-O 17. Bd3 Rab8 18.
Qc3 Qg6 19. g3 Bc6 20. f3 Qh5 21. O-O f5 22. b3 f4 23. gxf4 Rxf4 24. Be2 Rbf8 25.
Qd3 R8f6 26. Kh1 Qh4 27. Rg1 Rxe4 28. Rg2 Rxe2 29. Qxe2 Bxf3 30. Qd2 Qe4 31. Rg1 h5 32. h3 Rg6 33. Kh2 Bxg2 34. Rxg2 Rxg2+ 35. Qxg2 Qf4+ 36. Qg3 h4 37. Qxf4 exf4 38. Kg2 Kf7 39. Kf3 g5 40. b4 Ke6 41. b5 axb5 42. cxb5 Kd5 43. a4 Kc5 44.
Ke4 d5+ 45. Kd3 g4 46. hxg4 h3 47. g5 h2 48. g6 h1=Q 49. g7 Qh7+ 0-1

[Event "*** Titled Tuesday Blitz"]
[Site "Chess.com"]
[Date "2021.03.09"]
[Round "6"]
[White "politeplayer"]
[Black "pfalcon1949"]
[Result "1/2-1/2"]
[WhiteElo "2278"]
[BlackElo "2059"]
[TimeControl "180+1"]
[EndTime "11:10:55 PST"]
[Termination "Game drawn by repetition"]

1. e4 c5 2. Nf3 Nc6 3. d4 cxd4 4. Nxd4 Nf6 5. Nc3 e5 6. Ndb5 d6 7. Bg5 a6 8. Na3 b5 9. Bxf6 gxf6 10. Nd5 Bg7 11.
Bd3 Ne7 12. Nxe7 Qxe7 13. c3 O-O 14. O-O f5 15. exf5 e4 16. Be2 Bxf5 17. Nc2 Rad8 18.
Ne3 Be6 19. Nd5 Bxd5 20. Qxd5 Kh8 21. Rad1 Be5 22. g3 f5 23. a4 bxa4 24. Bxa6 Rg8 25. Bc4 e3 26. Qf3 exf2+ 27. Rxf2 Rgf8 28. Re1 Qf6 29. Qd5 f4 30. gxf4 Bxf4 31. Qd4 Qxd4 32. cxd4 Rf6 33. Ref1 Rdf8 34. Kh1 h6 35. Bb5 Bg5 36. Rxf6 Rxf6 37. Rxf6 Bxf6 38. Bxa4 Bxd4 39. b3 Kg7 40. Kg2 Kf6 41. h3 Ke5 42. Bb5 Ke4 43. Bc4 Ke3 44.
Bd5 Kd3 45. Bc4+ Kc3 46. Bd5 Kb4 47. Be6 Kc5 48. Bf7 Be5 49. Kf3 Kb4 50. Be6 Kc5 51.
Ke4 Kb4 52. Bd5 Kc5 53. Be6 Kb4 54. Bd5 Kc5 55. Be6 1/2-1/2